 Dungeon Crawl Stone Soup version 0.31-a0-743-g45f7035092 (webtiles) character file.

Game seed: 12120710143338645348

272135 demibob the Slayer (level 19, -2/321 HPs)
             Began as a Minotaur Chaos Knight on Sept 12, 2023.
             Was a Plaything of Xom.
             Succumbed to a death drake's dark miasma
             ... on level 3 of the Abyss.
             The game lasted 01:28:35 (36806 turns).

demibob the Slayer (Minotaur Chaos Knight)         Turns: 36806, Time: 01:28:37

Health: -2/321     AC: 29    Str: 23    XL:     19   Next: 85%
Magic:  18/18      EV: 20    Int: 12    God:    Xom [...*..]
Gold:   3352       SH:  0    Dex: 16    Spells: 18/18 levels left

rFire   . . .        b - +6 great mace (spect)
rCold   + + .        (shield currently unavailable)
rNeg    + . .        Y - +2 plate armour {rN+}
rPois   .            (helmet unavailable)
rElec   .            u - +0 cloak
rCorr   .            S - +1 pair of gloves {Str+3}
SInv    .            H - +1 pair of boots
Will    ++...        d - amulet of the acrobat Stlth
                     E - +5 ring of evasion
HPRegen 1.53/turn    W - ring of willpower
MPRegen 0.16/turn

%: acrobat
@: berserking, lethally poisoned (-2 -> -11), slowed
A: horns 3, retaliatory headbutt, agile 1, clever 1, cold resistance 2,
deterioration 1, regeneration 1, robust 1, MP-powered wands
}: 1/15 runes: serpentine
a: Renounce Religion


You were on level 3 of the Abyss.
You worshipped Xom.
You were a favourite toy of Xom.
You visited 6 branches of the dungeon, and saw 31 of its levels.
You visited the Abyss 4 times.
You also visited: Sewer and Gauntlet.

You collected 5627 gold pieces.
You spent 2275 gold pieces at shops.


Innate Abilities, Weirdness & Mutations

You have a pair of large horns on your head.
You reflexively headbutt those who attack you in melee.
You are agile. (Dex +4, Str/Int -1)
Your mind is acute. (Int +4, Str/Dex -1)
Your flesh is very cold resistant. (rC++)
Your body sometimes deteriorates upon taking damage.
Your natural rate of healing is unusually fast.
You are robust. (+10% HP)
You expend magic power (3 MP) to strengthen your wands.


   Skills:
 + Level 23.5 Fighting
 + Level 21.0 Maces & Flails
 + Level 21.4 Armour
 - Level 15.0 Dodging
 - Level 14.1 Evocations


You had 18 spell levels left.
You didn't know any spells.
Your spell library contained the following spells:

 Spells                   Type           Power      Damage    Failure   Level
 Magic Dart               Conj           0%         1d3       87%         1
 Summon Small Mammal      Summ           0%         N/A       87%         1
 Blink                    Tloc           0%         N/A       95%         2
 Lesser Beckoning         Tloc           0%         N/A       95%         2
 Momentum Strike          Conj/Tloc      0%         3d8       95%         2
 Searing Ray              Conj           0%         2d4       95%         2
 Static Discharge         Conj/Air       0%         2-2/arc   95%         2
 Call Canine Familiar     Summ           0%         N/A       99%         3
 Dazzling Flash           Conj/Hex       0%         N/A       99%         3
 Gell's Gravitas          Tloc           0%         N/A       99%         3
 Hailstorm                Conj/Ice       0%         3d3       99%         3
 Ignite Poison            Fire/Tmut/Pois 0%         N/A       99%         3
 Summon Guardian Golem    Hex/Summ       0%         N/A       99%         3
 Teleport Other           Tloc           0%         N/A       99%         3
 Tukima's Dance           Hex            0%         N/A       99%         3
 Airstrike                Air            0%         2d(0-16)  100%        4
 Anguish                  Hex/Necr       0%         N/A       100%        4
 Animate Dead             Necr           0%         N/A       100%        4
 Cause Fear               Hex            0%         N/A       100%        4
 Fulminant Prism          Conj/Hex       0%         3d5       100%        4
 Passage of Golubria      Tloc           0%         N/A       100%        4
 Sticky Flame             Conj/Fire      0%         2d3       100%        4
 Summon Ice Beast         Ice/Summ       0%         N/A       100%        4
 Summon Lightning Spire   Summ/Air       0%         N/A       100%        4
 Agony                    Necr           0%         N/A       100%        5
 Borgnjor's Vile Clutch   Necr/Erth      0%         N/A       100%        5
 Silence                  Hex/Air        0%         N/A       100%        5
 Yara's Violent Unravell  Hex/Tmut       0%         3d3       100%        5
 Death Channel            Necr           0%         N/A       100%        6
 Dispersal                Tloc           0%         N/A       100%        6
 Simulacrum               Ice/Necr       0%         N/A       100%        6
 Enfeeble                 Hex            0%         N/A       100%        7
 Haunt                    Necr/Summ      0%         N/A       100%        7
 Ignition                 Fire           0%         3d3       100%        8
 Infestation              Necr           0%         N/A       100%        8

Inventory:

Hand Weapons
 a - the +11 great mace "Domuypy" {heavy, *Noise rPois rF+ Str+3}
   (You acquired it on level 1 of the Dungeon)

   Str+3:     It affects your strength (+3).
   rF+:       It protects you from fire.
   rPois:     It protects you from poison *Noise: It may make a loud noise when
   swung.
 b - a +6 spectral great mace (weapon)
 M - a +3 sacred scourge of holy wrath
Missiles
 V - 8 silver javelins
Armour
 u - a +0 cloak (worn)
 H - a +1 pair of boots (worn)
 S - a +1 pair of gloves of strength (worn)
 Y - a +2 plate armour of positive energy (worn)
Jewellery
 d - an amulet of the acrobat (around neck)
 e - a +5 ring of evasion
 o - a ring of the Octopus King {Fly HP+2 AC+2 EV+2 SH+2}
   (You bought it in a shop on level 4 of the Snake Pit)

   [ring of flight]

   AC+2:      It affects your AC (+2).
   EV+2:      It affects your evasion (+2).
   HP+2:      It affects your health (+2).
   Fly:       It grants you flight.
   SH+2:      It affects your SH (+2).
 v - a ring of see invisible
 C - a ring of protection from cold
 E - a +5 ring of evasion (left hand)
 P - a ring of poison resistance
 R - a ring of resist corrosion
 T - a +4 ring of protection
 W - a ring of willpower (right hand)
Wands
 n - a wand of flame (40)
 w - a wand of polymorph (16)
 G - a wand of quicksilver (16)
 N - a wand of mindburst (13)
 U - a wand of iceblast (15)
 X - a wand of paralysis (13)
Scrolls
 m - 2 scrolls of revelation
 y - 3 scrolls of poison
 D - a scroll of immolation
 I - 3 scrolls of vulnerability
 J - 19 scrolls of identify {@r1}
 K - 4 scrolls of enchant armour
 Q - a scroll of fear
 Z - 2 scrolls of brand weapon
Potions
 f - 3 potions of ambrosia
 g - 5 potions of invisibility
 i - 10 potions of might
 j - 3 potions of lignification
 k - a potion of haste {@q3}
 l - 5 potions of mutation
 p - 4 potions of magic
 q - 2 potions of cancellation
 x - 4 potions of resistance
 F - 2 potions of enlightenment
Miscellaneous
 A - a condenser vane (inert)
 L - a phial of floods

Dungeon Overview and Level Annotations

Branches:
Dungeon (15/15)            Temple (0/1) D:7            Lair (5/5) D:11
  Swamp (0/4) Lair:3        Snake (4/4) Lair:3        Slime (0/5) Lair:4
    Orc (2/2) D:10            Elf (1/3) Orc:2        Vaults (4/5) D:13
  Crypt (0/3) Vaults:2     Depths (0/4) D:15          Sewer (visited)
Gauntlet (visited)

Altars:
Ashenzari
Fedhas
Nemelex Xobeh
Okawaru
Qazlal
Trog
Uskayaw
Vehumet
Wu Jian
Xom
Jiyva

Shops:
D:1 :   D:8 *   Orc:2 **!:   Snake:4 =:=

Annotations:
Lair:2 1 runed translucent door, Takou's ghost, journeyman AtFi
Snake:1 3 runed translucent doors, Lecvoy's ghost, adept OgSh
Snake:2 1 runed translucent door, Yseiss's ghost, journeyman AtGl
Abyss:3 1 runed translucent door

▒▒▒.▒.. . ▒.▒..... ▒
. ▒ ▒▒▒▒▒.....▒▒▒▒▒
.. . ▒.............▒
... .
▒.8.8.....8.8.▒
......
▒.............▒▒. .
▒.8......XXX8.▒▒...
> ▒........XXXX.▒ .
▒.8.....§k@X8.▒▒..▒
. ▒.......§§§§§.▒▒..
.8.....§§§§8.▒ ▒ ▒
.........§§§.... . #
.
▒▒▒▒▒▒.....▒▒▒▒▒▒..▒
. ▒.▒..▒.. ▒..
#..▓.▓░.▒. #. .
#..▓.░...▒.. .. #
#.... .▓ ▒▒▒ # .▒ .


You could see 8 starcursed masses and a death drake.


Message History

Unknown command.
* * * LOW HITPOINT WARNING * * *
You feel extremely sick. The death drake completely misses you.
The starcursed mass barely misses you. The death drake completely misses you.
The starcursed mass touches you but does no damage.
A starcursed mass splits.
A deafening chorus of shrieks assaults your mind!
* * * LOW HITPOINT WARNING * * *
Unknown command.
You flatten the death drake like a pancake!!!
You headbutt the death drake!
The death drake is heavily wounded.
Your +6 spectral great mace barely misses the death drake.
* * * LOW HITPOINT WARNING * * *
You feel very sick.
The starcursed mass touches you but does no damage.
The death drake misses you. You furiously retaliate!
You headbutt the death drake!!
A deafening chorus of shrieks assaults your mind!
* * * LOW HITPOINT WARNING * * *
Xom roars with laughter!
The starcursed mass completely misses you.
A starcursed mass splits.
A red film seems to cover your vision as you go berserk!
You feel yourself moving faster!
You feel mighty!
Your +6 spectral great mace disappears.
You feel your health improve.
You die...
Xom giggles madly!

Skill      XL: |  1  2  3  4  5  6  7  8  9 10 11 12 13 14 15 16 17 18 19 |
---------------+----------------------------------------------------------+-----
Maces & Flails | 4 5 7 8 9 10 12 14 15 17 19 20 21 | 21.0
Fighting       | 4 6 8 9 11 12 14 16 18 19 21 22 23 | 23.5
Armour         | 3 5 7 8 10 13 15 17 18 20 21 | 21.4
Evocations     | 2 5 7 10 13 14 | 14.1
Dodging        | 5 9 12 14 15 | 15.0

Action                     |  1- 3 |  4- 6 |  7- 9 | 10-12 | 13-15 | 16-18 | 19-21 || total
---------------------------+-------+-------+-------+-------+-------+-------+-------++-------
  Melee: Mace              |    41 |       |       |       |       |       |       ||    41
         Headbutt          |     6 |    11 |    12 |    43 |    88 |   173 |    95 ||   428
         Great mace        |    21 |   138 |   170 |   324 |   669 |   777 |   307 ||  2406
         Kick              |       |       |       |       |    18 |       |       ||    18
  Evoke: Wand              |       |       |     6 |    23 |    13 |    20 |       ||    62
         Phial of floods   |       |       |     2 |     1 |     1 |       |       ||     4
         Condenser vane    |       |       |       |     3 |     3 |     4 |     1 ||    11
    Use: Scroll            |     2 |     9 |     9 |     9 |    11 |    16 |     4 ||    60
         Potion            |       |     2 |     2 |     4 |    11 |    10 |     6 ||    35
   Stab: Distracted        |       |       |     1 |       |       |     2 |     6 ||     9
         Petrified         |       |       |       |     5 |     3 |     4 |       ||    12
         Confused          |       |       |       |     1 |     1 |     5 |     2 ||     9
         Petrifying        |       |       |       |     1 |       |     1 |       ||     2
         Invisible         |       |       |       |       |     5 |       |       ||     5
         Paralysed         |       |       |       |       |     1 |       |       ||     1
 Armour: Leather armour    |    39 |   164 |    49 |       |       |       |       ||   252
         Plate armour      |       |       |   122 |   356 |   500 |   717 |   166 ||  1861
         Skin              |       |       |     6 |       |       |       |       ||     6
  Dodge: Dodged            |    40 |   116 |    91 |   244 |   596 |   936 |   250 ||  2273
  Block: Other             |       |       |       |       |       |    15 |       ||    15

Levels and vault maps discovered:
D:1:      dpeg_arrival_leaves_temple_mockup, layout_rooms, serial_shops,
          shop_fountains, shapermc_ecumenical_altar_mp_highgroup
D:2:      mumra_celtic_spiral_tile, layout_rooms, serial_aquarium,
          aquarium_bridge_straight [aquarium_subvault_bridge,
          aquarium_subvault_window, aquarium_subvault_bridge,
          aquarium_subvault_window], aquarium_window_corridor_1,
          aquarium_window_1, aquarium_window_fake, aquarium_window_fake,
          aquarium_view_2a, aquarium_view_2c, aquarium_balcony_double_3,
          cheibrodos_gnoll_hut
D:3:      minmay_chambers_of_threes, layout_rooms
D:4:      layout_loops_cross, lightli_sewer_entry_pipes, nicolae_half_adder
D:5:      layout_basic, minitemple, ebering_dispersal_statue_hall, uniq_pikel
D:6:      layout_loops_cross, uniq_maggie, uniq_jeremiah, uniq_sigmund
D:7:      layout_gridville, lemuel_crystal_altar, minmay_temple_entry_hall
D:8:      layout_rooms, nicolae_shop_gadgets
D:9:      layout_rooms, mainiacjoe_overflow_tiny_flanked, serial_glass,
          glass_columns_c, glass_columns_a, glass_columns_b, glass_columns_b,
          glass_columns_a, glass_columns_b, glass_columns_a, glass_columns_a,
          glass_columns_c, glass_columns_b, item_on_display_a,
          minmay_strange_pillars, minmay_strange_pillars
D:10:     layout_roguey, grunt_temple_overflow_forces_of_nature, orc_0_dummy
D:11:     layout_irregular_city, erik_lair_island, corexii_corridor_pit,
          uniq_psyche
D:12:     layout_roguey, minmay_misc_feat_square
D:13:     layout_rooms, ximxim_vaults_locker_room, okawaru_altar_gauntlet_db
D:14:     layout_gridville, minmay_hedge_maze, gauntlet_entry_generic
D:15:     grunt_enter_depths_hoard, layout_layer_cave, ashenzari_altar_1
Lair:1:   layout_gridlike, basic_altar, hellmonk_ghost_happy_afterlife,
          chequers_serial_rivers_room_a, chequers_serial_rivers_micro_d
Lair:2:   layout_regular_city, nicolae_volcano_entry_s_turn,
          ebering_ghost_funeral_grove, uniq_erica
Lair:3:   layout_misc_corridors, skrybe_swamp_entry_bodies,
          nicolae_snake_entry_warm_welcome, st_stairs_3,
          gammafunk_lair_bear_cave
Lair:4:   layout_hall_layers, nicolae_slime_entry_slimehenge, lemuel_fruit_tree,
          grunt_megastairs_3
Lair:5:   wormcave, layout_gridlike, hangedman_lair_caniforms_friends,
          kilobyte_rumbling_trees
Snake:1:  layout_onion, gammafunk_ghost_necromancy,
          portal_ice_cave_entry_dragon, nicolae_snake_the_dead_are_slithering,
          uniq_donald
Snake:2:  layout_chambers, ebering_ghost_reflecting_pool,
          nicolae_triple_integral, uniq_aizul
Snake:3:  layout_gridlike, serial_bayou_shore_b, grunt_megastairs_4
Snake:4:  grunt_snake_rune_pools, layout_onion, nicolae_snake_magic_snake_eye,
          serial_bayou_shore_b, minmay_shop_grove, grunt_megastairs_5
Orc:1:    layout_diamond_mine, uniq_maurice, uniq_erolcha, uniq_josephine,
          uniq_jorgrun
Orc:2:    st_orc_ogre_mass, layout_caves, basic_altar
Elf:1:    layout_rooms, hangedman_elf_represent
Vaults:1: nicolae_vaults_border_crossing, hangedman_vaults_locks,
          hangedman_vaults_stream, nicolae_vaults_what_the_h, v_misc_14,
          v_misc_16, nicolae_vaults_hexular_roomagon,
          nicolae_vaults_trapezoid_layered, nicolae_vaults_diamond_1,
          layout_vaults_big_room
Vaults:2: nicolae_vaults_closet_pinwheel_1, nicolae_vaults_little_squares_4,
          grunt_vaults_hallway_short, nicolae_vaults_variable_pillar_hall,
          vaults_dpeg_emergency_exit, nicolae_vaults_network_square,
          minmay_crypt_entry_simple_box, nicolae_vaults_trapezoid_3,
          vaults_room_pool, v_alt_pattern_5, layout_vaults_omnibox, uniq_jory,
          uniq_xtahua, uniq_mennas
Vaults:3: nicolae_vaults_trapezoid_layered, nicolae_vaults_diagonal_hallway_8,
          v_misc_5, nicolae_vaults_tetromino_Z_2, v_rooms_5,
          vaults_mumra_bighexcomb, v_alt_pattern_3, nicolae_vaults_rhombus_6,
          nicolae_vaults_double_plus_3, nicolae_vaults_house_1,
          nicolae_vaults_trapezoid_lopsided_3, nicolae_vaults_mini_display_case,
          vaults_room_door_ring, hangedman_vaults_corner_blocks, v_misc_5,
          nicolae_vaults_variable_pillar_hall, layout_vaults_omnicross
Vaults:4: gammafunk_ghost_spectres, nicolae_vaults_security_offices_3,
          nicolae_vaults_heart-shaped_vault, vaults_room_grunt_arrival_ludios,
          nicolae_vaults_trapezoid_1, hangedman_vaults_stagger, v_pattern_3,
          nicolae_vaults_theta, layout_vaults_quadrants
Abyss:3:  base: Crypt:2, base: D:3, base: Crypt:3, hangedman_abyss_exit_choices,
          spicy_abyss_rude_harpoons,
          evilmike_nicolae_abyss_rune_containment_curve, minivault_13

Notes
Turn   | Place    | Note
-------+----------+-------------------------------------------
     0 | D:1      | demibob the Minotaur Chaos Knight began the quest for the
                  | Orb.
     0 | D:1      | Reached XP level 1. HP: 19/19 MP: 0/0
    66 | D:1      | Reached skill level 4 in Maces & Flails
    79 | D:1      | Reached XP level 2. HP: 26/26 MP: 1/1
   299 | D:1      | Found Xucugg's Book Shop.
   394 | D:1      | Found a faded altar of an unknown god.
   467 | D:1      | XOM: divination: detect creatures
   588 | D:1      | Identified a scroll of acquirement
   588 | D:1      | Acquired the +11 great mace "Domuypy" {heavy, *Noise rPois
                  | rF+ Str+3}
   636 | D:2      | Reached skill level 5 in Maces & Flails
   645 | D:2      | Reached XP level 3. HP: 19/31 MP: 2/2
   780 | D:2      | XOM: 5-stop teleportation journey
   861 | D:2      | XOM: silly message
   934 | D:2      | Reached XP level 4. HP: 39/39 MP: 3/3
  1002 | D:2      | Reached skill level 6 in Maces & Flails
  1208 | D:2      | XOM: silly message
  1220 | D:2      | XOM: silly message
  1244 | D:2      | XOM is BORED!
  1244 | D:2      | XOM: silly message
  1472 | D:2      | XOM: scenery: summon butterflies
  1782 | D:3      | XOM: divination: detect items
  1788 | D:3      | Identified the +5 trident of Miem {holy, Will+}
  1793 | D:3      | XOM: cloud trail
  1831 | D:3      | Reached skill level 7 in Maces & Flails
  1831 | D:3      | Reached XP level 5. HP: 35/45 MP: 4/4
  1901 | D:2      | XOM: god gift: morningstar {god gift}
  2086 | D:3      | Reached skill level 8 in Maces & Flails
  2089 | D:3      | Reached XP level 6. HP: 50/51 MP: 5/5
  2425 | D:4      | XOM: divination: detect creatures
  2445 | D:4      | Reached skill level 9 in Maces & Flails
  2470 | D:4      | XOM: god gift: 19 gold pieces
  2672 | D:4      | Found a glowing drain.
  2677 | Sewer    | Entered a sewer
  2925 | Sewer    | Reached XP level 7. HP: 57/57 MP: 6/6
  3198 | D:4      | XOM is BORED!
  3198 | D:4      | XOM: give mutations
  3198 | D:4      | Gained mutation: You occasionally lose the ability to read
                  | scrolls when taking damage. [Xom's mischief]
  3198 | D:4      | Gained mutation: Your body sometimes deteriorates upon
                  | taking damage. [Xom's mischief]
  3292 | D:4      | XOM: god gift: phial of floods
  3396 | D:4      | XOM: summons friendly crimson imp
  3421 | D:4      | XOM: polymorph crimson imp -> lemure
  3548 | D:5      | Entered Level 5 of the Dungeon
  3622 | D:5      | Reached skill level 10 in Maces & Flails
  3759 | D:5      | Reached skill level 4 in Fighting
  3761 | D:5      | Reached skill level 3 in Armour
  3765 | D:5      | XOM: divination: detect creatures
  3806 | D:5      | XOM: divination: detect items
  3819 | D:5      | XOM: stat loss: -1 Str (20/21)
  4017 | D:5      | XOM: fog
  4026 | D:5      | XOM: summons friendly white imp
  4149 | D:5      | XOM: cloud trail
  4199 | D:5      | XOM: enchant monster (good)
  4207 | D:5      | Reached XP level 8. HP: 64/67 MP: 7/7
  4211 | D:5      | Reached skill level 4 in Armour
  4283 | D:5      | XOM: 2-stop teleportation journey
  4328 | D:5      | Found an ornate altar of the Wu Jian Council.
  4338 | D:5      | Found an iron altar of Okawaru.
  4341 | D:5      | Found a hide-covered altar of Uskayaw.
  4344 | D:5      | XOM: cloud trail
  4346 | D:5      | Identified a potion of resistance
  4354 | D:5      | XOM: silly message
  4427 | D:5      | Noticed Pikel
  4432 | D:5      | Killed Pikel
  4433 | D:5      | Reached skill level 5 in Fighting
  4433 | D:5      | Reached skill level 11 in Maces & Flails
  4705 | D:6      | Reached skill level 5 in Armour
  4741 | D:6      | Noticed Maggie
  4743 | D:6      | Noticed Sigmund
  4750 | D:6      | Killed Maggie
  4751 | D:6      | Reached skill level 6 in Fighting
  4751 | D:6      | Reached skill level 12 in Maces & Flails
  4756 | D:6      | XOM: enchant monster (good)
  4798 | D:6      | Killed Sigmund
  4819 | D:6      | XOM: god gift: rapier {god gift}
  4867 | D:6      | Reached XP level 9. HP: 78/78 MP: 8/8
  4897 | D:6      | XOM: chaos upgrade
  4916 | D:6      | Reached skill level 6 in Armour
  5159 | D:6      | Reached skill level 7 in Fighting
  5162 | D:6      | XOM: smoke on damage
  5164 | D:6      | Reached skill level 13 in Maces & Flails
  5182 | D:6      | XOM: destruction
  5435 | D:6      | XOM: god gift: sling {god gift}
  5478 | D:6      | Noticed Jeremiah
  5485 | D:6      | Killed Jeremiah
  5486 | D:6      | Reached skill level 7 in Armour
  5782 | D:7      | XOM: scenery: 1 doors open, 1 doors close
  5791 | D:7      | XOM: cast spell 'Discord'
  5807 | D:7      | Reached skill level 8 in Fighting
  6018 | D:7      | XOM: 4-stop teleportation journey
  6051 | D:7      | Reached skill level 14 in Maces & Flails
  6175 | D:7      | Reached XP level 10. HP: 88/88 MP: 9/9
  6289 | D:7      | Found a radiant altar of Vehumet.
  6389 | D:7      | XOM: scenery: 2 doors close
  6436 | D:7      | Found a staircase to the Ecumenical Temple.
  6586 | D:8      | XOM: give mutations
  6586 | D:8      | Gained mutation: You have sharp fingernails. [Xom's
                  | mischief]
  6586 | D:8      | Gained mutation: You are covered in fur. (AC +1) [Xom's
                  | mischief]
  6586 | D:8      | Gained mutation: Your spells are a little harder to cast,
                  | but a little more powerful. [Xom's mischief]
  6742 | D:8      | Reached skill level 8 in Armour
  7044 | D:8      | Found Atexuo's Gadget Gallery.
  7129 | D:8      | Bought a condenser vane for 480 gold pieces
  7238 | D:9      | Found a sparkling altar of Nemelex Xobeh.
  7359 | D:9      | XOM: cleaving
  7362 | D:9      | Reached skill level 9 in Fighting
  7434 | D:9      | Reached skill level 15 in Maces & Flails
  7770 | D:10     | Entered Level 10 of the Dungeon
  7776 | D:9      | XOM: divination: detect creatures
  7879 | D:10     | XOM: divination: magic mapping
  7907 | D:10     | Reached skill level 1 in Evocations
  8104 | D:10     | Noticed a manticore
  8136 | D:10     | XOM: silly message
  8141 | D:10     | Killed a manticore
  8228 | D:10     | Paralysed by a hornet for 3 turns
  8232 | D:10     | Reached skill level 2 in Evocations
  8388 | D:10     | Found a stormy altar of Qazlal.
  8438 | D:10     | Found a staircase to the Orcish Mines.
  8587 | D:10     | Reached XP level 11. HP: 99/99 MP: 10/10
  8620 | D:10     | Found a blossoming altar of Fedhas.
  8743 | D:10     | XOM: divination: magic mapping
  9019 | D:11     | Reached skill level 16 in Maces & Flails
  9029 | D:11     | Reached skill level 10 in Fighting
  9094 | D:11     | Noticed a sun demon
  9194 | D:11     | Reached skill level 3 in Evocations
  9236 | D:11     | Found a staircase to the Lair.
  9244 | D:11     | Noticed a boulder beetle
  9245 | D:11     | XOM: noise
  9246 | D:11     | Noticed a boulder beetle
  9275 | D:11     | XOM: noise
  9288 | D:11     | Noticed Psyche
  9290 | D:11     | Killed Psyche
  9297 | D:11     | Killed a boulder beetle
  9367 | D:11     | Killed a boulder beetle
  9457 | D:11     | XOM: 1-stop teleportation journey
  9551 | D:11     | XOM: cloud trail
  9641 | D:11     | XOM is BORED!
  9879 | Lair:1   | Entered Level 1 of the Lair of Beasts
  9907 | Lair:1   | Noticed a catoblepas
  9911 | Lair:1   | Reached skill level 4 in Evocations
  9915 | Lair:1   | Reached skill level 17 in Maces & Flails
  9922 | Lair:1   | Reached skill level 11 in Fighting
  9929 | Lair:1   | XOM: summons friendly white imp
  9932 | Lair:1   | Killed a catoblepas
 10048 | Lair:1   | Found a runed translucent door.
 10048 | Lair:1   | Noticed Shayle's ghost (journeyman OgSh)
 10169 | Lair:1   | Reached skill level 5 in Evocations
 10176 | Lair:1   | XOM: summons 2 friendly demons
 10179 | Lair:1   | Reached XP level 12. HP: 110/110 MP: 11/11
 10193 | Lair:1   | Found a radiant altar of Vehumet.
 10210 | Lair:1   | XOM: 3-stop teleportation journey
 10381 | Lair:1   | Reached skill level 18 in Maces & Flails
 10905 | Lair:1   | Killed Shayle's ghost
 11078 | Lair:2   | XOM: summons 7 hostile demons
 11267 | Lair:2   | Noticed Erica
 11276 | Lair:2   | Killed Erica
 11285 | Lair:2   | Reached skill level 12 in Fighting
 11313 | Lair:2   | You fall into a shaft and drop 1 floor!
 11313 | Lair:3   | Noticed a catoblepas
 11316 | Lair:3   | XOM: repel stairs
 11319 | Lair:3   | Killed a catoblepas
 11320 | Lair:3   | Reached skill level 6 in Evocations
 11541 | Lair:3   | Noticed a four-headed hydra
 11589 | Lair:3   | XOM: divination: detect creatures
 11669 | Lair:3   | XOM: confusion (+ monsters)
 11676 | Lair:3   | XOM: confuse monster(s)
 11685 | Lair:3   | Killed a four-headed hydra
 11697 | Lair:3   | Found a staircase to the Swamp.
 11871 | Lair:3   | Reached skill level 19 in Maces & Flails
 12096 | Lair:2   | Noticed an eight-headed hydra
 12101 | Lair:2   | XOM: fog
 12102 | Lair:2   | XOM: 4-stop teleportation journey
 12109 | Lair:2   | Noticed a seven-headed hydra
 12115 | Lair:2   | Killed an eight-headed hydra
 12118 | Lair:2   | Killed a seven-headed hydra
 12361 | Lair:2   | XOM: god gift: crooked glowing staff {god gift}
 12409 | Lair:2   | Found a runed translucent door.
 12412 | Lair:2   | Noticed Takou's ghost (journeyman AtFi)
 12415 | Lair:2   | Identified the +4 trident of Fate {pain, rN+ Str+3 Int+2
                  | Dex-4}
 12424 | Lair:2   | Reached skill level 7 in Evocations
 12431 | Lair:2   | XOM: noise
 13005 | Lair:3   | Reached XP level 13. HP: 119/119 MP: 12/12
 13128 | Lair:3   | Found a staircase to the Snake Pit.
 13135 | Lair:3   | Reached skill level 13 in Fighting
 13136 | Lair:3   | XOM: smoke on damage
 13160 | Lair:3   | Acquired a manual of Evocations
 13212 | Lair:3   | XOM is BORED!
 13266 | Lair:3   | XOM: divination: detect creatures
 13435 | Lair:4   | Found a viscous altar of Jiyva.
 13435 | Lair:4   | Found a staircase to the Slime Pits.
 13796 | Lair:4   | Reached skill level 20 in Maces & Flails
 13796 | Lair:4   | Reached skill level 8 in Evocations
 13875 | Lair:4   | XOM: noise
 13894 | Lair:4   | XOM: smoke on damage
 13961 | Lair:4   | XOM: polymorph oklob plant -> wandering mushroom
 14044 | Lair:4   | Reached skill level 9 in Armour
 14045 | Lair:4   | XOM: enchant monster (bad)
 14054 | Lair:4   | XOM: potion effect (might)
 14061 | Lair:4   | XOM: potion effect (invisibility)
 14068 | Lair:4   | Reached skill level 9 in Evocations
 14130 | Lair:4   | XOM: silly message
 14393 | Lair:4   | XOM: silly message
 14625 | Lair:4   | XOM: fake destruction
 14635 | Lair:4   | Reached skill level 14 in Fighting
 14792 | Lair:5   | Entered Level 5 of the Lair of Beasts
 14792 | Lair:5   | XOM: summons 11 friendly demons
 14875 | Lair:5   | XOM: god gift: 53 gold pieces
 14986 | Lair:5   | Reached skill level 10 in Armour
 15126 | Lair:5   | Reached skill level 10 in Evocations
 15365 | Lair:5   | XOM: scenery: create altars
 15424 | Lair:5   | XOM: divine lightning
 15425 | Lair:5   | XOM: noise
 15434 | Lair:5   | Reached XP level 14. HP: 113/133 MP: 13/13
 15489 | Lair:5   | XOM: potion effect (berserk rage)
 15490 | Lair:5   | Reached skill level 11 in Armour
 15490 | Lair:5   | Reached skill level 11 in Evocations
 15495 | Lair:5   | Reached skill level 15 in Fighting
 15497 | Lair:5   | XOM: divination: magic mapping
 15565 | Lair:5   | XOM: enchant monster (good)
 15670 | Lair:5   | XOM: noise
 15722 | Lair:5   | XOM: summons 6 friendly demons
 15936 | Lair:5   | XOM: cleaving
 15938 | Lair:5   | XOM: cast spell 'Summon Mana Viper'
 15953 | Lair:5   | Reached skill level 12 in Evocations
 16098 | Lair:5   | XOM: scenery: summon butterflies
 16109 | Lair:5   | Reached skill level 12 in Armour
 16119 | Lair:5   | XOM: scenery: summon butterflies
 16185 | Lair:5   | XOM: cast spell 'Monstrous Menagerie'
 16564 | Lair:5   | XOM: summons 4 hostile demons
 16602 | Lair:5   | Found a runed translucent door.
 16627 | Lair:5   | XOM: divination: magic mapping
 16636 | Lair:5   | Reached skill level 16 in Fighting
 16679 | Lair:5   | XOM: smoke on damage
 16709 | Lair:5   | Reached skill level 13 in Evocations
 17053 | Lair:5   | XOM: enchant monster (bad)
 17069 | Lair:5   | XOM: give mutations
 17069 | Lair:5   | Gained mutation: You sometimes lose the ability to read
                  | scrolls when taking damage. [Xom's mischief]
 17069 | Lair:5   | Gained mutation: You have sharp toenails. [Xom's mischief]
 17069 | Lair:5   | Lost mutation: Your body sometimes deteriorates upon taking
                  | damage. [Xom's mischief]
 17309 | D:12     | XOM: confuse monster(s)
 17334 | D:12     | XOM: divination: detect creatures
 17419 | D:12     | XOM: 5-stop teleportation journey
 17468 | D:12     | XOM: give mutation
 17468 | D:12     | Gained mutation: You are frail. (-10% HP) [Xom's mischief]
 17502 | D:12     | XOM: noise
 17512 | D:12     | XOM: summons friendly shadow imp
 17520 | D:12     | Reached skill level 13 in Armour
 17634 | D:12     | XOM: cloud trail
 17663 | D:12     | You are cast into the Abyss!
 17663 | Abyss:2  | Cast into level 2 of the Abyss (a wizard)
 17683 | Abyss:2  | XOM: smoke on damage
 17698 | Abyss:2  | Noticed a dread lich
 17709 | Abyss:2  | Killed a dread lich
 17710 | Abyss:2  | Reached XP level 15. HP: 95/130 MP: 14/14
 17890 | Abyss:2  | Found a corrupted altar of Lugonu.
 17927 | Abyss:2  | Found a corrupted altar of Lugonu.
 18154 | D:12     | You pass through the gate.
 18154 | D:12     | Escaped the Abyss
 18742 | Orc:1    | Entered Level 1 of the Orcish Mines
 18761 | Orc:1    | Noticed Erolcha
 18762 | Orc:1    | Noticed Jorgrun
 18763 | Orc:1    | XOM: swap monsters
 18772 | Orc:1    | Killed Jorgrun
 18773 | Orc:1    | Reached skill level 17 in Fighting
 18774 | Orc:1    | Killed Erolcha
 18779 | Orc:1    | XOM: draining
 19110 | Orc:2    | Entered Level 2 of the Orcish Mines
 19110 | Orc:2    | Found a bloodstained altar of Trog.
 19184 | Orc:1    | XOM: 1-stop teleportation journey
 19256 | Orc:1    | XOM: cloud trail
 19339 | Orc:1    | Reached skill level 14 in Armour
 19391 | Orc:1    | XOM: 1-stop teleportation journey
 19687 | Orc:1    | Reached skill level 14 in Evocations
 19960 | Orc:1    | XOM: silly message
 20001 | Orc:2    | XOM: silly message
 20216 | Orc:1    | XOM: silly message
 20238 | Orc:1    | Noticed Maurice
 20292 | Orc:1    | Noticed Josephine
 20307 | Orc:1    | Killed Josephine
 20310 | Orc:1    | Killed Maurice
 20638 | Orc:2    | XOM: give mutations
 20638 | Orc:2    | Gained mutation: You possess an exceptional clarity of
                  | mind. [Xom's mischief]
 20638 | Orc:2    | Lost mutation: You sometimes lose the ability to read
                  | scrolls when taking damage. [Xom's mischief]
 20642 | Orc:2    | XOM: cleaving
 20661 | Orc:2    | Reached skill level 2 in Dodging
 20716 | Orc:2    | Paralysed by something for 3 turns
 20720 | Orc:2    | XOM: confuse monster(s)
 20739 | Orc:2    | Reached skill level 3 in Dodging
 20751 | Orc:2    | XOM: enchant monster (good)
 20820 | Orc:2    | XOM: scenery: summon butterflies
 20858 | Orc:2    | Found a staircase to the Elven Halls.
 20898 | Orc:2    | Found Xeov's Book Shop.
 20898 | Orc:2    | Found Bumnuses's Assorted Antiques.
 20899 | Orc:2    | Found Keprunn's Distillery.
 20899 | Orc:2    | Found Koppunir's Assorted Antiques.
 20899 | Orc:2    | XOM: summons 2 hostile demons
 20913 | Orc:2    | Bought a potion of heal wounds for 70 gold pieces
 20913 | Orc:2    | Bought a potion of might for 56 gold pieces
 20913 | Orc:2    | Bought a potion of might for 56 gold pieces
 20913 | Orc:2    | Bought a potion of might for 56 gold pieces
 20915 | Orc:2    | Bought a potion of mutation for 112 gold pieces
 20915 | Orc:2    | Bought a potion of mutation for 112 gold pieces
 20915 | Orc:2    | Bought a potion of curing for 42 gold pieces
 20915 | Orc:2    | Bought a potion of curing for 42 gold pieces
 20915 | Orc:2    | Upgraded the game from 0.31-a0-728-g01b46875f1 to
                  | 0.31-a0-740-g87205ac768
 20916 | Orc:2    | Bought a jewelled chain mail for 285 gold pieces
 20916 | Orc:2    | Identified the +4 chain mail "Areazi" {rN+} (You bought it
                  | in a shop on level 2 of the Orcish Mines)
 20916 | Orc:2    | Bought a potion of resistance for 300 gold pieces
 20918 | Orc:2    | Bought a potion of curing for 72 gold pieces
 20919 | Orc:2    | Lost mutation: You possess an exceptional clarity of mind.
                  | [potion of mutation]
 20919 | Orc:2    | Lost mutation: You have sharp toenails. [potion of
                  | mutation]
 20919 | Orc:2    | Lost mutation: You occasionally lose the ability to read
                  | scrolls when taking damage. [potion of mutation]
 20919 | Orc:2    | Gained mutation: You are occasionally teleported next to
                  | monsters. [potion of mutation]
 20919 | Orc:2    | Gained mutation: Your flesh is heat resistant. (rF+)
                  | [potion of mutation]
 20920 | Orc:2    | Lost mutation: You have sharp fingernails. [potion of
                  | mutation]
 20920 | Orc:2    | Lost mutation: You are covered in fur. (AC +1) [potion of
                  | mutation]
 20920 | Orc:2    | Lost mutation: You are frail. (-10% HP) [potion of
                  | mutation]
 20920 | Orc:2    | Gained mutation: Your flesh is cold resistant. (rC+)
                  | [potion of mutation]
 20920 | Orc:2    | Lost mutation: Your spells are a little harder to cast, but
                  | a little more powerful. [potion of mutation]
 20920 | Orc:2    | Lost mutation: You are occasionally teleported next to
                  | monsters. [potion of mutation]
 20920 | Orc:2    | Gained mutation: You are robust. (+10% HP) [potion of
                  | mutation]
 21354 | D:13     | You fall into a shaft and drop 2 floors!
 21354 | D:15     | Entered Level 15 of the Dungeon
 21396 | D:14     | Reached skill level 18 in Fighting
 21398 | D:14     | XOM: give mutation
 21398 | D:14     | Gained mutation: Your body sometimes deteriorates upon
                  | taking damage. [Xom's mischief]
 21416 | D:14     | Found a gate leading to a gauntlet.
 21425 | Gauntlet | Entered a Gauntlet
 21425 | Gauntlet | Found a transporter.
 21425 | Gauntlet | Found a transporter.
 21429 | Gauntlet | Found a transporter.
 21429 | Gauntlet | Found a transporter.
 21439 | Gauntlet | Found a transporter.
 21506 | Gauntlet | Found a transporter.
 21516 | Gauntlet | Found a transporter.
 21531 | Gauntlet | Found a transporter.
 21541 | Gauntlet | Found a transporter.
 21556 | Gauntlet | Found a transporter.
 21562 | Gauntlet | Found a transporter.
 21583 | Gauntlet | Found a transporter.
 21655 | Gauntlet | Reached skill level 4 in Dodging
 21660 | Gauntlet | Identified the staff "Teotz" {rF+ Int+4 Fire}
 21673 | Gauntlet | Reached skill level 15 in Armour
 21987 | D:14     | XOM: summons 1 hostile shadow creature
 22072 | D:14     | XOM: god gift: 877 gold pieces
 22244 | D:14     | XOM: scenery: 1 doors open, 1 doors close
 22249 | D:14     | XOM: blink monster(s)
 22484 | D:13     | Reached skill level 5 in Dodging
 22655 | D:13     | XOM: give mutations
 22655 | D:13     | Gained mutation: You have a somewhat thin skeletal
                  | structure. (Dex +2, Stealth+) [Xom's grace]
 22655 | D:13     | Gained mutation: You expend magic power (3 MP) to
                  | strengthen your wands. [Xom's grace]
 22655 | D:13     | Gained mutation: Your muscles are strong. (Str +4, Int/Dex
                  | -1) [Xom's grace]
 22660 | D:13     | Reached XP level 16. HP: 171/172 MP: 15/15
 22838 | D:13     | Found a gate to the Vaults.
 22964 | D:13     | Found an iron altar of Okawaru.
 22964 | D:13     | Paralysed by an orc for 5 turns
 23192 | D:15     | XOM: enchant monster (good)
 23269 | D:15     | XOM: cloud trail
 23274 | D:15     | Found a broken altar of Ashenzari.
 23398 | D:15     | XOM: scenery: summon butterflies
 23639 | D:15     | You are cast into the Abyss!
 23639 | Abyss:2  | Noticed a bone dragon
 23639 | Abyss:2  | Cast into level 2 of the Abyss (a wizard)
 23639 | D:15     | You pass through the gate.
 23639 | D:15     | Escaped the Abyss
 23639 | D:15     | XOM: revert banishment
 23644 | D:15     | XOM: god gift: 54 gold pieces
 23909 | D:15     | XOM: 1-stop teleportation journey
 24092 | D:15     | XOM: give mutations
 24092 | D:15     | Gained mutation: You have a pair of large horns on your
                  | head. [Xom's grace]
 24092 | D:15     | Gained mutation: Your flesh is very cold resistant. (rC++)
                  | [Xom's grace]
 24092 | D:15     | Gained mutation: Your mind is acute. (Int +4, Str/Dex -1)
                  | [Xom's grace]
 24092 | D:15     | Gained mutation: You are agile. (Dex +4, Str/Int -1) [Xom's
                  | grace]
 24397 | D:15     | XOM: fake destruction
 24400 | D:15     | Reached skill level 6 in Dodging
 24445 | D:15     | Found a staircase to the Depths.
 24773 | Snake:1  | Entered Level 1 of the Snake Pit
 24834 | Snake:1  | XOM: scenery: summon butterflies
 24887 | Snake:1  | Noticed Donald
 24888 | Snake:1  | Reached skill level 16 in Armour
 24892 | Snake:1  | Killed Donald
 25009 | Snake:1  | Reached skill level 7 in Dodging
 25009 | Snake:1  | XOM: fog
 25161 | Snake:1  | Reached skill level 19 in Fighting
 25432 | Snake:1  | XOM: fog
 25437 | Snake:1  | XOM: cleaving
 25501 | Snake:1  | Found a runed translucent gate.
 25501 | Snake:1  | Found a runed translucent gate.
 25501 | Snake:1  | Found a runed translucent gate.
 25501 | Snake:1  | Noticed Lecvoy's ghost (adept OgSh)
 25764 | Snake:1  | XOM: summons 4 friendly demons
 25919 | Snake:1  | XOM: enchant monster (good)
 25919 | Snake:1  | XOM: smoke on damage
 26085 | Snake:2  | Reached skill level 8 in Dodging
 26091 | Snake:2  | XOM: cast spell 'Disjunction'
 26094 | Snake:2  | XOM: smoke on damage
 26191 | Snake:2  | XOM: god gift: orcbow {god gift}
 26354 | Snake:2  | Noticed Aizul
 26368 | Snake:2  | Killed Aizul
 26525 | Snake:2  | XOM: give mutation
 26525 | Snake:2  | Lost mutation: Your muscles are strong. (Str +4, Int/Dex
                  | -1) [Xom's mischief]
 26651 | Snake:2  | XOM: 3-stop teleportation journey
 26733 | Snake:2  | XOM: stat loss: -1 Str (25/26)
 26867 | Snake:2  | XOM: 2-stop teleportation journey
 27102 | Snake:2  | Found a runed translucent door.
 27105 | Snake:2  | Noticed Yseiss's ghost (journeyman AtGl)
 27210 | Snake:2  | XOM: summons 9 hostile demons
 27816 | Snake:3  | XOM: summons 5 hostile demons
 27818 | Snake:3  | XOM: confusion (+ monsters)
 27819 | Snake:3  | XOM: fake destruction
 27934 | Snake:3  | Reached skill level 17 in Armour
 27938 | Snake:3  | Reached skill level 9 in Dodging
 28039 | Snake:3  | XOM: chaos upgrade
 28107 | Snake:3  | XOM: silly message
 28593 | Snake:4  | Entered Level 4 of the Snake Pit
 28609 | Snake:4  | XOM: give mutation
 28609 | Snake:4  | Lost mutation: You have a somewhat thin skeletal structure.
                  | (Dex +2, Stealth+) [Xom's mischief]
 28671 | Snake:4  | Reached XP level 17. HP: 187/187 MP: 16/16
 28701 | Snake:4  | Reached skill level 20 in Fighting
 28726 | Snake:4  | XOM: noise
 28761 | Snake:4  | Reached skill level 10 in Dodging
 29020 | Snake:3  | Acquired 1081 gold pieces
 29348 | Snake:4  | XOM: noise
 29428 | Snake:4  | XOM: 2-stop teleportation journey
 29447 | Snake:4  | XOM: 3-stop teleportation journey
 29535 | Snake:4  | XOM: give mutations
 29535 | Snake:4  | Gained mutation: Your natural rate of healing is unusually
                  | fast. [Xom's mischief]
 29535 | Snake:4  | Lost mutation: Your flesh is heat resistant. (rF+) [Xom's
                  | mischief]
 29567 | Snake:4  | Reached skill level 18 in Armour
 29576 | Snake:4  | XOM: confusion (+ monsters)
 29581 | Snake:4  | XOM: confuse monster(s)
 29606 | Snake:4  | XOM: smoke on damage
 29862 | Snake:4  | Found Xanuduf's Jewellery Boutique.
 29862 | Snake:4  | Found Areh's Book Emporium.
 29863 | Snake:4  | Found Umarphud's Jewellery Boutique.
 29873 | Snake:4  | Bought a ring of the Octopus King {Fly HP+2 AC+2 EV+2 SH+2}
                  | for 592 gold pieces
 29873 | Snake:4  | Found the ring of the Octopus King {Fly HP+2 AC+2 EV+2
                  | SH+2}
 29970 | Snake:4  | Reached skill level 11 in Dodging
 29983 | Snake:4  | XOM: scenery: create altars
 30133 | Snake:4  | Got a serpentine rune of Zot
 30506 | Vaults:1 | Entered Level 1 of the Vaults
 30666 | Vaults:1 | XOM: fog
 30675 | Vaults:1 | Reached skill level 21 in Fighting
 30870 | Vaults:1 | Paralysed by a great orb of eyes for 2 turns
 30956 | Vaults:1 | XOM: noise
 30960 | Vaults:1 | Reached skill level 12 in Dodging
 30960 | Vaults:1 | Reached XP level 18. HP: 61/196 MP: 7/17
 31018 | Vaults:1 | You are cast into the Abyss!
 31018 | Abyss:2  | Found a corrupted altar of Lugonu.
 31018 | Abyss:2  | Cast into level 2 of the Abyss (a wizard)
 31022 | Vaults:1 | You pass through the gate.
 31022 | Vaults:1 | Escaped the Abyss
 31035 | Vaults:1 | XOM: noise
 31039 | Vaults:1 | XOM: 3-stop teleportation journey
 31057 | Vaults:1 | XOM: swap monsters
 31085 | Vaults:1 | XOM: noise
 31089 | Vaults:1 | Reached skill level 19 in Armour
 31120 | Vaults:1 | XOM: fog
 31187 | Vaults:1 | XOM: confuse monster(s)
 31266 | Vaults:1 | XOM: scenery: 1 doors close
 31352 | Vaults:1 | XOM: 6-stop teleportation journey
 31354 | Vaults:1 | XOM: summons friendly quasit
 31433 | Vaults:1 | XOM: divination: magic mapping
 31557 | Vaults:1 | XOM: enchant monster (good)
 31824 | Vaults:2 | XOM: summons friendly quasit
 32102 | Vaults:2 | XOM: enchant monster (good)
 32108 | Vaults:2 | XOM: summons 2 friendly demons
 32115 | Vaults:2 | Reached skill level 13 in Dodging
 32117 | Vaults:2 | XOM: polymorph vault warden -> quicksilver dragon
 32127 | Vaults:2 | Noticed Jory
 32131 | Vaults:2 | XOM: cleaving
 32133 | Vaults:2 | Killed Jory
 32143 | Vaults:2 | Noticed Xtahua
 32144 | Vaults:2 | Reached skill level 22 in Fighting
 32150 | Vaults:2 | Killed Xtahua
 32288 | Vaults:2 | Noticed Mennas
 32308 | Vaults:2 | Killed Mennas
 32486 | Vaults:2 | XOM: potion effect (brilliance)
 32524 | Vaults:2 | XOM: noise
 32580 | Vaults:2 | XOM: 1-stop teleportation journey
 32903 | Vaults:2 | Found a staircase to the Crypt.
 32992 | Vaults:2 | Upgraded the game from 0.31-a0-740-g87205ac768 to
                  | 0.31-a0-743-g45f7035092
 33098 | Vaults:3 | Reached skill level 20 in Armour
 33124 | Vaults:3 | XOM: polymorph vault sentinel -> black mamba
 33319 | Vaults:3 | XOM: 2-stop teleportation journey
 33456 | Vaults:3 | Reached skill level 14 in Dodging
 33879 | Vaults:3 | XOM: divination: magic mapping
 33888 | Vaults:3 | XOM: cloud trail
 34155 | Vaults:4 | Reached XP level 19. HP: 177/212 MP: 18/18
 34303 | Vaults:4 | XOM: summons friendly shadow imp
 34353 | Vaults:4 | XOM: noise
 34393 | Vaults:4 | XOM: 1-stop teleportation journey
 34440 | Vaults:4 | XOM: silly message
 34481 | Vaults:4 | XOM: potion effect (brilliance)
 34489 | Vaults:4 | XOM: potion effect (brilliance)
 34604 | Vaults:4 | XOM: silly message
 34688 | Vaults:4 | XOM: scenery: summon butterflies
 34783 | Vaults:4 | XOM: silly message
 34846 | Vaults:4 | XOM: scenery: create altars
 34889 | Vaults:4 | XOM: enchant monster (bad)
 34904 | Vaults:4 | XOM: potion effect (brilliance)
 34920 | Vaults:4 | XOM: summons friendly crimson imp
 35031 | Vaults:4 | Reached skill level 23 in Fighting
 35047 | Vaults:4 | XOM: noise
 35068 | Vaults:4 | XOM: cleaving
 35213 | Vaults:4 | Identified the +1 plate armour "Mumpuom" {rN+}
 35240 | Vaults:4 | Found a runed translucent gate.
 35240 | Vaults:4 | Found a runed translucent gate.
 35240 | Vaults:4 | Found a runed translucent gate.
 35240 | Vaults:4 | Noticed Pixtaico's ghost (adept FeNe)
 35366 | Vaults:4 | XOM: summons 7 friendly demons
 35501 | Vaults:4 | Reached skill level 21 in Armour
 35503 | Vaults:4 | Reached skill level 15 in Dodging
 35527 | Vaults:4 | XOM: confuse monster(s)
 35798 | Vaults:4 | XOM: god gift: +2 robe of cold resistance
 35953 | Vaults:4 | XOM: potion effect (brilliance)
 36051 | Vaults:4 | XOM: god gift: scroll of fear
 36169 | Vaults:4 | Killed Pixtaico's ghost
 36235 | Vaults:4 | Identified the +2 pair of boots "Mylimn" {rPois rC- rN++
                  | Int+2}
 36246 | Vaults:4 | Identified the +4 lajatang "demibob's Regret" {pain, rPois
                  | rC+ Will++ Str+3}
 36448 | D:11     | XOM: stat loss: -1 Int (11/12)
 36553 | Elf:1    | Entered Level 1 of the Elven Halls
 36595 | Elf:1    | You are cast into the Abyss!
 36595 | Abyss:3  | Cast into level 3 of the Abyss (a deep elf demonologist)
 36640 | Abyss:3  | Found a runed translucent door.
 36664 | Abyss:3  | XOM: divination: detect items
 36670 | Abyss:3  | Found a runed translucent door.
 36767 | Abyss:3  | Reached skill level 21 in Maces & Flails
 36803 | Abyss:3  | >>i die here
 36803 | Abyss:3  | Paralysed by accursed screaming for 1 turns
 36804 | Abyss:3  | HP: 17/214 [starcursed mass/accursed screaming (9)]
 36805 | Abyss:3  | HP: 1/214 [starcursed mass/accursed screaming (11)]
 36806 | Abyss:3  | Succumbed to a death drake's dark miasma

Vanquished Creatures
  A dread lich (Abyss:2)
  Mennas (Vaults:2)
  Xtahua (Vaults:2)
  Jory (Vaults:2)
  A tentacled monstrosity (Vaults:4)
  Jorgrun (Orc:1)
  A quicksilver dragon (Vaults:2)
  3 sphinxes
  3 tentacled starspawn (Abyss:3)
  Donald (Snake:1)
  Aizul (Snake:2)
  6 nagarajas
  A tengu reaver (Vaults:4)
  A shadow dragon (Vaults:3)
  A revenant (Vaults:4)
  A deep elf elementalist (Abyss:2)
  10 vault wardens
  16 ironbound preservers
  2 war gargoyles (Vaults:3)
  2 formless jellyfish
  A stone giant (Vaults:1)
  An ophan (Abyss:3)
  The ghost of Pixtaico the Unseen, an adept FeNe of Elyvilon (Vaults:4)
  A very ugly thing (Vaults:4)
  5 ironbound thunderhulks
  11 dire elephants
  A minotaur (Gauntlet)
  The ghost of Shayle the Fighter, a journeyman OgSh of Cheibriados (Lair:1)
  A crystal guardian (Vaults:4)
  3 eidola (Vaults:4)
  A fire dragon (D:15)
  4 great orbs of eyes
  Josephine (Orc:1)
  A deep elf high priest (Vaults:1)
  3 ice dragons
  7 yaktaur captains
  3 vault guards
  A rakshasa (Abyss:2)
  Erolcha (Orc:1)
  7 salamander tyrants
  3 peacekeepers
  4 ogre magi (Orc:2)
  4 catoblepae
  4 centaur warriors
  10 anacondas
  15 two-headed ogres
  6 ironbound frosthearts
  2 boulder beetles (D:11)
  8 hydras
  Erica (Lair:2)
  9 naga warriors
  12 death yaks
  9 shock serpents
  An orc high priest (Orc:1)
  11 naga sharpshooters
  3 thrashing horrors
  A deep elf knight (Elf:1)
  5 large abominations
  A wretched star (Abyss:2)
  3 salamander mystics
  A skyshark (Lair:5)
  A skeletal warrior (Vaults:2)
  A spectral anaconda (Snake:1)
  31 deep trolls
  2 deep elf archers
  A bog body (Lair:3)
  A glowing orange brain (Vaults:1)
  12 ironbound convokers
  8 naga ritualists
  A phantasmal warrior (Vaults:4)
  4 deep elf pyromancers
  6 wizards
  18 lindwurms
  A necromancer (Vaults:2)
  An orc knight (Vaults:4)
  8 mana vipers
  Pikel (D:5)
  An oklob plant (Lair:3)
  16 ugly things
  A wolf spider (Lair:5)
  4 deep elf zephyrmancers (Elf:1)
  4 cyclopes
  5 orc sorcerers
  2 manticores
  A worldbinder (Abyss:3)
  20 salamanders
  6 guardian serpents
  22 elephants
  Maurice (Orc:1)
  13 vault sentinels
  34 black mambas
  An apocalypse crab (Gauntlet)
  12 cane toads
  Jeremiah (D:6)
  A gargoyle (D:12)
  8 torpor snails
  An unseen horror (Abyss:2)
  14 naga magi
  A spectral sea snake (Snake:1)
  2 rime drakes
  Maggie (D:6)
  5 freezing wraiths
  Psyche (D:11)
  3 ancient zymes
  2 kobold demonologists (D:11)
  8 komodo dragons
  21 yaktaurs
  An anaconda simulacrum (Snake:1)
  11 polar bears
  6 trolls
  3 meliai (D:15)
  9 hornets
  2 spectral guardian serpents (Snake:1)
  4 raiju
  4 tyrant leeches (Lair:5)
  3 dream sheep (Lair:5)
  A wandering mushroom (Lair:4)
  12 blink frogs
  Sigmund (D:6)
  47 slime creatures
  2 ynoxinuls (Abyss:3)
  2 vampires
  2 wyverns (Lair:5)
  2 shadows
  7 wraiths
  33 yaks
  2 basilisks
  A hog (shapeshifter) (D:13)
  2 golden eyes (Abyss:3)
  4 sea snake simulacra (Snake:1)
  11 humans (D:13)
  10 vampire mosquitoes
  4 wargs (Lair:5)
  15 nagas
  8 water moccasins
  3 acid dragons
  15 hell hounds (Lair:5)
  5 guardian serpent simulacra (Snake:1)
  11 orc warriors
  2 ice beasts (D:8)
  3 sky beasts
  17 black bears
  A black bear (shapeshifter) (D:11)
  4 boggarts (Lair:5)
  25 ogres
  20 wolves
  9 centaurs
  3 lemures (D:5)
  A phantom (D:7)
  5 kobold brigands
  13 bullfrogs
  A small abomination (Abyss:2)
  2 gnoll sergeants
  A scorpion (D:6)
  A naga simulacrum (Snake:1)
  14 wights
  12 killer bees
  8 howler monkeys
  5 electric eels
  3 lava snakes (Lair:3)
  4 quasits
  6 hounds
  5 jellies
  11 orc priests
  A gnoll bouda (D:7)
  A sleepcap (D:6)
  27 orc wizards
  3 iguanas (D:5)
  7 hell rats (Lair:4)
  19 gnolls
  25 adders
  A river rat (D:4)
  A shadow imp (D:7)
  4 white imps
  3 worms
  4 dart slugs
  62 orcs
  9 ball pythons
  7 bats
  10 endoplasms
  6 giant cockroaches
  9 goblins
  7 hobgoblins
  6 jackals (D:2)
  37 kobolds
  8 quokkas
  9 frilled lizards
  13 rats
  4 starspawn tentacles (Abyss:3)
1234 creatures vanquished.

Vanquished Creatures (collateral kills)
  A salamander tyrant (Snake:4)
  An anaconda (Snake:1)
  A naga sharpshooter (Snake:1)
  A mana viper (Snake:1)
  A salamander (Snake:4)
  An elephant (Lair:5)
  A blink frog (Lair:1)
  A basilisk (Lair:5)
  A yak (Lair:5)
  A naga (Snake:1)
  A wolf (Lair:5)
  2 gnolls (D:7)
  2 orcs (D:5)
15 creatures vanquished.

Vanquished Creatures (others)
  A dire elephant (Vaults:1)
  A dancing weapon (Orc:1)
  A death yak (Lair:4)
  A deep elf archer (Vaults:1)
  A dream sheep (Lair:5)
  A human (D:13)
  A black bear (D:6)
  A howler monkey (D:6)
  A gnoll (D:7)
  2 orcs (D:6)
  2 lurking horrors
  9 spectral weapons
  3 starspawn tentacles (Abyss:3)
25 creatures vanquished.

Grand Total: 1274 creatures vanquished

Table legend: (Time is in decaauts)
 A = Elapsed time spent in this place.
 B = Non-inter-level travel time spent in this place.
 C = Inter-level travel time spent in this place.
 D = Time resting spent in this place.
 E = Time spent auto-exploring this place.
 F = Levels seen in this place.
 G = Mean time per level.
                   A        B        C        D        E       F      G
               +--------+--------+--------+--------+--------+-----+--------+
         Total |  37350 |  35160 |   2190 |   3998 |  24358 |  37 | 1009.5 |
       Dungeon |  14218 |  13187 |   1031 |    717 |  10130 |  15 |  947.9 |
          Lair |   7599 |   7161 |    438 |    491 |   5364 |   5 | 1519.8 |
     Snake Pit |   5612 |   5401 |    211 |    511 |   3989 |   4 | 1403.0 |
  Orcish Mines |   2482 |   2358 |    124 |   1388 |    565 |   2 | 1241.0 |
   Elven Halls |     38 |     38 |      0 |      0 |     14 |   1 |   38.0 |
        Vaults |   5838 |   5454 |    384 |    688 |   3593 |   4 | 1459.5 |
         Abyss |    680 |    680 |      0 |    201 |    112 |   4 |  170.0 |
         Sewer |    471 |    471 |      0 |      0 |    342 |   1 |  471.0 |
      Gauntlet |    410 |    410 |      0 |      0 |    246 |   1 |  410.0 |
               +--------+--------+--------+--------+--------+-----+--------+

Top non-repeatable levels by time:
  Lair:5: 2425 daAuts
Vaults:4: 2068 daAuts
   Orc:1: 1859 daAuts
 Snake:4: 1699 daAuts
  Lair:3: 1656 daAuts
    D:15: 1571 daAuts
 Snake:2: 1511 daAuts
Vaults:1: 1390 daAuts
 Snake:1: 1323 daAuts
Vaults:2: 1315 daAuts
    D:10: 1284 daAuts
  Lair:1: 1273 daAuts
  Lair:4: 1224 daAuts
     D:5: 1168 daAuts
    D:11: 1149 daAuts

Table legend:
 A = Non-vault XP
 B = Vault XP
 C = Vault XP percentage of total XP
 D = Non-vault monster count
 E = Vault monster count
 F = Vault count percentage of total count
                 A         B        C        D         E       F
            +---------+---------+-------+---------+---------+-------
      Total |  261650 |  198688 |  43.2 |     823 |     423 |  33.9
            +---------+---------+-------+---------+---------+-------
        D:1 |      31 |       0 |   0.0 |      17 |       0 |   0.0
        D:2 |      98 |      18 |  15.5 |      28 |       3 |   9.7
        D:3 |     184 |      57 |  23.7 |      24 |      12 |  33.3
        D:4 |     229 |     112 |  32.8 |      19 |      14 |  42.4
        D:5 |     695 |     593 |  46.0 |      28 |       1 |   3.4
        D:6 |    1480 |    1034 |  41.1 |      34 |       3 |   8.1
        D:7 |    1331 |       0 |   0.0 |      38 |       0 |   0.0
        D:8 |    1181 |       0 |   0.0 |      17 |       0 |   0.0
        D:9 |    1818 |       0 |   0.0 |      29 |       0 |   0.0
       D:10 |    2681 |       0 |   0.0 |      28 |       0 |   0.0
       D:11 |    3780 |    1030 |  21.4 |      26 |       7 |  21.2
       D:12 |    5838 |       0 |   0.0 |      22 |       0 |   0.0
       D:13 |    3163 |    2187 |  40.9 |      12 |      17 |  58.6
       D:14 |    5493 |       0 |   0.0 |      15 |       0 |   0.0
       D:15 |    7592 |    1762 |  18.8 |      15 |       2 |  11.8
     Lair:1 |    8540 |     955 |  10.1 |      28 |       1 |   3.4
     Lair:2 |    4361 |     831 |  16.0 |      11 |       1 |   8.3
     Lair:3 |    6868 |    2196 |  24.2 |      17 |      12 |  41.4
     Lair:4 |   11184 |     716 |   6.0 |      21 |      12 |  36.4
     Lair:5 |   23203 |   18117 |  43.8 |      63 |      81 |  56.2
    Snake:1 |   19405 |    5835 |  23.1 |      36 |      17 |  32.1
    Snake:2 |   12753 |    1369 |   9.7 |      22 |       1 |   4.3
    Snake:3 |    7864 |    1274 |  13.9 |      16 |       4 |  20.0
    Snake:4 |   16558 |   38169 |  69.7 |      27 |      55 |  67.1
      Orc:1 |    4812 |    9469 |  66.3 |      43 |      17 |  28.3
      Orc:2 |    2274 |   13790 |  85.8 |      17 |      32 |  65.3
      Elf:1 |    3218 |    1785 |  35.7 |       5 |       3 |  37.5
   Vaults:1 |   22501 |   27217 |  54.7 |      35 |      35 |  50.0
   Vaults:2 |   11919 |   18793 |  61.2 |      14 |      16 |  53.3
   Vaults:3 |   11061 |   14364 |  56.5 |      22 |      17 |  43.6
   Vaults:4 |   41152 |   30389 |  42.5 |      67 |      36 |  35.0
    Abyss:2 |   12614 |       0 |   0.0 |      17 |       0 |   0.0
    Abyss:3 |    5769 |    3830 |  39.9 |      10 |       7 |  41.2
      Sewer |       0 |      86 | 100.0 |       0 |      13 | 100.0
   Gauntlet |       0 |    2710 | 100.0 |       0 |       4 | 100.0
            +---------+---------+-------+---------+---------+-------
